 Dungeon Crawl Stone Soup version 0.22.0-5-gf09313c (console) character file.

78 TAS2012 the Ducker (level 4, 0/36 HPs)
             Began as a Draconian Arcane Marksman on Aug 13, 2018.
             Slain by Natasha (5 damage)
             ... on level 2 of the Dungeon.
             The game lasted 00:06:37 (1748 turns).

TAS2012 the Ducker (Draconian Arcane Marksman)      Turns: 1748, Time: 00:06:38

Health: 0/36       AC:  5    Str: 13    XL:     4   Next: 15%
Magic:  5/5        EV: 13    Int: 14    God:
Gold:   115        SH:  0    Dex: 11    Spells: 4/5 levels left

rFire    . . .     SeeInvis .   c - +4 flail
rCold    . . .     Gourm    .   (no shield)
rNeg     . . .     Faith    .   (armour unavailable)
rPois    .         Spirit   .   (helmet restricted)
rElec    .         Reflect  .   (no cloak)
rCorr    .         Harm     .   (no gloves)
MR       .....                  (no boots)
Stlth    +.........             (no amulet)
HPRegen  0.12/turn              (no ring)
MPRegen  0.09/turn              (no ring)

@: slowed, very slow
A: unfitting armour, cold-blooded, AC +5
a: no special abilities


You were on level 2 of the Dungeon.
You were not hungry.

You visited 1 branch of the dungeon, and saw 2 of its levels.

You collected 115 gold pieces.

Inventory:

Hand Weapons
 c - a +4 flail (weapon)
 e - a +0 whip
Missiles
 h - 6 needles of sleeping
 o - 2 throwing nets (quivered)
Scrolls
 a - 2 scrolls of remove curse {unknown}
 j - a scroll of enchant armour {unknown}
 k - a scroll of magic mapping {unknown}
 n - a scroll of immolation {unknown}
 q - a scroll of random uselessness {unknown}
Potions
 g - 2 potions of brilliance {unknown}
 i - a potion of lignification {unknown}
 l - 2 potions of might {unknown}
 m - a potion of flight {unknown}
 p - a potion of curing {unknown}
Comestibles
 d - 4 rations


   Skills:
 * Level 2.2 Fighting
 - Level 1.7 Throwing
 + Level 3.5 Dodging
 + Level 0.5 Stealth
 - Level 1.0 Spellcasting
 - Level 2.8 Hexes


You had 4 spell levels left.
You knew the following spells:

 Your Spells              Type           Power        Failure   Level  Hunger
a - Corona                Hex            #......      9%          1    ##.....

Your spell library contained the following spells:

 Spells                   Type           Power        Failure   Level  Hunger
 Cause Fear               Hex            #.........   63%         4    #####..
 Slow                     Hex            #.......     13%         2    ###....
 Portal Projectile        Hex/Tloc       #.....       41%         3    ####...
 Leda's Liquefaction      Hex/Erth       #.........   83%         4    #####..
 Inner Flame              Hex/Fire       #.......     41%         3    ####...


Dungeon Overview and Level Annotations

Branches:
Dungeon (2/15)

Altars:

Annotations:
D:2 Natasha


Innate Abilities, Weirdness & Mutations

Your plain brown scales are hard. (AC +5)
You cannot fit into any form of body armour.
You are cold-blooded and may be slowed by cold attacks.


Message History

The crimson imp hits you but does no damage.
You barely miss Natasha.
Your tail-slap misses Natasha.
Natasha is almost dead.
Natasha claws you!
* * * LOW HITPOINT WARNING * * *
The crimson imp barely misses you. The crimson imp closely misses you.
Natasha claws you.
* * * LOW HITPOINT WARNING * * *
The crimson imp blinks! x2
Natasha growls.
Natasha stares at you and mumbles some strange words.
You feel as though you will be slow longer.
You barely miss Natasha.
Your tail-slap misses Natasha.
Natasha is almost dead.
The crimson imp blinks!
Natasha claws you.
* * * LOW HITPOINT WARNING * * *
Natasha misses you.
You barely miss Natasha.
Natasha is almost dead.
Natasha claws you.
You die...

▒▒·····▒▒▒·▒▒ ▒▒·▒▒▒▒▒l▒ ▒
▒········▒·▒▒▒··gg··g·▒▒▒▒···▒
▒·▒···▒·▒▒▒······▒▒▒·······▒
▒·▒▒·▒▒·▒ ▒▒▒▒·▒·▒ ▒·▒▒▒▒▒···▒ ▒
▒· ▒·▒ ▒·▒·▒ ▒·▒ ▒ ▒)▒ ▒·▒·· ▒·▒
▒·▒ ▒·····▒·▒
·▒▒·▒▒·▒▒▒▒▒▒▒▒▒▒·▒·▒ ▒▒▒ ▒▒
▒···········▒▒▒▒▒▒·▒·▒ ▒·· ·▒
▒▒·▒·▒▒··········▒·▒·▒▒▒▒▒·▒▒·▒▒·▒
·· ▒▒▒▒▒·······▒······5··@h··(▒▒
▒· ▒▒▒▒▒▒·▒▒▒······(····§·(5( ▒·
▒·▒▒ ▒▒·▒▒▒▒·▒▒▒▒▒▒▒▒▒ ▒
▒▒·▒▒▒·····▒·▒▒▒▒▒▒▒▒
▒▒▒▒▒▒·▒·▒·▒▒···········
·········▒▒·▒▒▒▒·▒▒▒▒·▒··
▒▒▒▒▒▒▒▒▒▒▒·▒ ▒·▒ ▒·▒ ▒·▒ ▒▒·▒▒
▒·▒ ▒▒▒▒▒▒···▒▒▒·▒▒
▒·>···········▒ ▒·▒▒▒▒····▒▒▒·▒
▒▒·▒·▒ ▒·▒ ▒·▒·▒▒▒·▒▒
▒····▒···▒▒▒·


You could see Natasha and 2 crimson imps.

Vanquished Creatures
  Natasha (D:2)
  Robin (D:2)
  A dart slug (D:1)
  A leopard gecko (D:1)
  3 bats (D:1)
  2 giant cockroaches (D:1)
  8 goblins
  7 hobgoblins
  2 jackals (D:1)
  4 kobolds
  A ball python (D:1)
  A frilled lizard (D:2)
  4 rats (D:1)
36 creatures vanquished.

Notes
Turn   | Place    | Note
-------+----------+-------------------------------------------
     0 | D:1      | TAS2012 the Draconian Arcane Marksman began the quest for the Orb.
     0 | D:1      | Reached XP level 1. HP: 16/16 MP: 2/2
    66 | D:1      | Reached skill level 2 in Dodging
   384 | D:1      | Reached XP level 2. HP: 23/23 MP: 3/3
  1035 | D:2      | Noticed Robin
  1070 | D:2      | Killed Robin
  1070 | D:2      | Reached skill level 3 in Dodging
  1070 | D:2      | Reached XP level 3. HP: 12/29 MP: 4/4
  1528 | D:2      | Noticed Natasha
  1537 | D:2      | Killed Natasha
  1537 | D:2      | Reached XP level 4. HP: 16/36 MP: 5/5
  1734 | D:2      | Noticed Natasha
  1748 | D:2      | Slain by Natasha

Skill      XL: |  1  2  3 |
---------------+----------+-----
Dodging        | 2 3 |  3.5
Fighting       | 2 |  2.2
Throwing       | |  1.7
Stealth        | |  0.5
Spellcasting   | |  1.0
Hexes          | |  2.8

Action                   |  1- 3 |  4- 6 || total
-------------------------+-------+-------++-------
Melee: Whip              |   122 |       ||   122
       Tailslap          |    18 |       ||    18
       Flail             |    11 |     9 ||    20
Throw: Javelin           |     6 |     5 ||    11
       Throwing net      |     2 |       ||     2
 Stab: Sleeping          |     1 |       ||     1
  Eat: Chunk             |     2 |     1 ||     3
Armor: Skin              |    51 |     4 ||    55
Dodge: Dodged            |   109 |     9 ||   118
